cohdb
Replays
Latest Replays
All Replays
Popular Replays
Top Player Replays
Match Explorer
How It Works
Community
CoH3 Stats
Reddit
Sign in to upload your games and track your stats! →
Sign in with Steam
Match 43519118
Unlisted
Match 43519118
Overview
Messages
Build Orders
End
Construct Barracks
Selects Special Operations Battlegroup
Selects M29 Weasel Recon Vehicle
M29 Weasel Recon Vehicle
Riflemen Squad
Riflemen Squad
Grenade Package
Construct Medical Station
Infantry Support Center
Construct Weapon Support Center
Riflemen Squad
M1918 Browning Automatic Rifles
Selects Raiding Flares
Munitions Surplus
Improved M9 Bazooka Rockets
Bazooka Squad
Raiding Flares
Selects SSF Commando Squad
SSF Commando Squad
Survival Training
Raiding Flares
John Walker
bjornagain1963
wickedlucigamer
clevans32885
大不列颠与北爱尔兰联合不起来王国与法兰西
-HOI-幽灵
Joraad
Sonjey
0
0
Comments
sign in to comment!
No comments posted yet!